Sasquatch vs Gangsters (R1)

Created - May 21, 2020 at 19:14

Goals
1 2 3 T
Sasquatch 0 2 1 3
Gangsters 0 1 3 4
Shots
1 2 3 T
Sasquatch 7 10 14 31
Gangsters 7 16 18 41

1st period

No Goal

Penalties :
Jujhar Khaira (Gat) for Holding (Minor) at 3:07, Matt Halischuk (Gat) for High sticking (Minor) at 13:52

2nd period

1. Gangsters , David Pope 2 (Jonas Brodin 2, Seth Griffith 4) at 8:06
2. Sasquatch , Devin Shore 3 (Jimmy Vesey 3) at 18:32
3. Sasquatch , Jujhar Khaira 2 (Jimmy Vesey 4, Martin Marincin 3) at 19:04

Penalties :
Jimmy Vesey (Gat) for Hooking (Minor) at 11:13

3rd period

4. Gangsters , Artem Anisimov 4 (Devante Smith-Pelly 7, Morgan Ellis 3) at 8:44 (PP)
5. Gangsters , Richard Panik 6 (Jonas Brodin 3, Derrick Pouliot 2) at 14:42
6. Sasquatch , Petr Straka 3 (Jujhar Khaira 6) at 16:23 (PP)
7. Gangsters , Richard Panik 7 (Derrick Pouliot 3) at 18:26 (PP)

Penalties :
Jimmy Vesey (Gat) for Tripping (Minor) at 0:03, Devante Smith-Pelly (Bro) for Roughing (Minor) at 0:26, David Pope (Bro) for Cross-checking (Minor) at 4:22, Jujhar Khaira (Gat) for Hooking (Minor) at 8:28, Matt Halischuk (Gat) for High sticking (Minor) at 10:44, Dave Dziurzynski (Bro) for Holding (Minor) at 15:27, Ian Cole (Gat) for Holding Stick (Minor) at 17:13, Sergey Kalinin (Gat) for Hooking (Minor) at 17:36

Goalie Stats

Joonas Korpisalo (Gat), 37 saves from 41 shots - (0.902), L, 3-2-0, 59:46 minutes
Jordan Binnington (Bro), 28 saves from 31 shots - (0.903), W, 2-0-0, 60:00 minutes

Players Stats for Sasquatch

Player Name              G  A  P  +/- PIM S  H  SB GA TA FO     MP     PP MP  PK MP  
------------------------------------------------------------------------------------
Brett Pesce              0  0  0   2  0   0  2  0  0  0  0/0    15:52   0:51   0:45 
Brock Trotter            0  0  0  -1  0   1  3  0  1  1  1/1    10:24   0:00   2:44 
Devin Shore              1  0  1   1  0   1  4  0  0  0  8/23   19:19   1:52   1:52 
Dmitri Orlov             0  0  0  -1  0   0  0  1  0  0  0/0    10:45   0:51   0:12 
Hudson Fasching          0  0  0   0  0   1  1  0  0  0  0/0     9:19   0:00   0:00 
Ian Cole                 0  0  0  -1  2   5  0  2  2  1  0/0    29:08   2:27   6:01 
Jimmy Vesey              0  2  2   1  4   6  0  0  1  1  1/1    16:43   1:52   0:00 
Jujhar Khaira            1  1  2   0  4   2  3  1  1  0  0/0    15:45   1:26   1:47 
Martin Frk               0  0  0  -1  0   1  0  1  0  0  0/0     6:57   0:00   0:00 
Martin Marincin          0  1  1   2  0   0  0  0  0  0  0/0    20:34   0:23   4:27 
Matt Halischuk           0  0  0   1  4   0  1  0  1  0  0/1    19:04   1:32   1:09 
Mirco Mueller            0  0  0  -1  0   0  0  0  0  2  0/0    14:59   0:00   4:11 
Patrick Wey              0  0  0  -1  0   1  2  1  0  2  0/0    28:41   2:04   6:18 
Petr Straka              1  0  1   0  0   3  1  0  1  0  0/2    17:05   1:46   2:59 
Quinton Howden           0  0  0   0  0   5  0  1  0  0  7/9    10:23   0:00   0:13 
Sergey Kalinin           0  0  0   0  2   0  2  0  0  0  4/14   16:54   0:00   4:37 
T.J. Tynan               0  0  0  -1  0   2  0  0  0  0  5/6     9:31   1:26   0:00 
Teemu Hartikainen        0  0  0   0  0   3  2  0  3  0  0/1    15:06   0:00   5:42 

Players Stats for Gangsters

Player Name              G  A  P  +/- PIM S  H  SB GA TA FO     MP     PP MP  PK MP  
------------------------------------------------------------------------------------
Adam Lowry               0  0  0   0  0   0  1  1  0  0  3/6     7:50   0:00   0:00 
Artem Anisimov           1  0  1  -1  0   6  2  0  1  0  23/35  20:18   6:23   0:21 
Dave Dziurzynski         0  0  0  -1  2   5  0  0  1  1  1/2    20:17   6:23   0:21 
David Pope               1  0  1   1  2   3  1  0  0  0  0/0    16:30   4:34   0:08 
Derrick Pouliot          0  2  2   2  0   2  3  0  0  1  0/0    21:28   4:21   0:44 
Devante Smith-Pelly      0  1  1  -1  2   8  0  0  0  1  2/6    22:25   6:22   2:16 
Jonas Brodin             0  2  2   2  0   1  0  4  0  1  0/0    21:28   4:21   0:44 
Kevin Roy                0  0  0   0  0   1  0  0  0  0  0/3    11:31   0:00   0:08 
Matt Delahey             0  0  0  -2  0   2  7  1  2  1  0/0    27:29   6:36   2:34 
Morgan Ellis             0  1  1  -2  0   1  2  4  0  2  0/0    27:29   6:36   2:34 
Phillip Danault          0  0  0   0  0   1  1  0  0  0  0/0    12:15   0:00   0:24 
Richard Panik            2  0  2   1  0   6  1  0  0  0  0/0    19:43   4:34   2:31 
Ryan Culkin              0  0  0   0  0   0  0  0  1  0  0/0    11:03   0:00   0:00 
Samuel Blais             0  0  0   0  0   3  2  0  1  0  0/0     8:18   0:00   0:18 
Sebastian Collberg       0  0  0   0  0   1  0  0  0  2  0/0     7:50   0:00   0:00 
Seth Griffith            0  1  1   1  0   0  3  1  0  1  3/5    16:40   4:34   0:09 
Stefan Noesen            0  0  0   0  0   1  2  0  1  0  0/1    11:26   0:00   0:00 
Steven Santini           0  0  0   0  0   0  0  1  0  0  0/0    11:03   0:00   0:00 

3 Stars

1 - Richard Panik (Bro)
2 - Derrick Pouliot (Bro)
3 - Jonas Brodin (Bro)

Power Play

Sasquatch - 1 on 3 Attempt(s) - 33.33%
Gangsters - 2 on 8 Attempt(s) - 25.00%

Penalty Kill

Sasquatch - 6 on 8 Attempt(s) - 75.00% - Score 0 goal in Penalty Kill
Gangsters - 2 on 3 Attempt(s) - 66.67% - Score 0 goal in Penalty Kill

Team Stat

Sasquatch - Hits : 21 - Faceoff Wins : 26 - Blocked Shots : 7 - Penalty Minutes : 16
Gangsters - Hits : 25 - Faceoff Wins : 32 - Blocked Shots : 12 - Penalty Minutes : 6

Official

Referees : Unknown
Linesman : Unknown

Game Notes

No Game Note

Finance

Level 1 -- Attendance: 1614 (80.70%) -- Ticket Income $64,560
Level 2 -- Attendance: 789 (78.90%) -- Ticket Income $15,780
Total Attendance: 2403 (80.10%)
Total Ticket Income: $80,340
Other Income: $4,017
Total Income: $84,357

Sasquatch

5 vs 5 Forward 
   Center                   Left Wing                Right Wing               Time % Phy DF OF 
 1 Devin Shore              Jimmy Vesey              Matt Halischuk           40     1   2  2  
 2 Sergey Kalinin           Jujhar Khaira            Petr Straka              30     1   2  2  
 3 Quinton Howden           Teemu Hartikainen        Hudson Fasching          20     1   2  2  
 4 T.J. Tynan               Brock Trotter            Martin Frk               10     1   2  2  

5 vs 5 Defense 
   Defense                  Defense                                           Time % Phy DF OF 
 1 Ian Cole                 Patrick Wey                                       40     1   2  2  
 2 Brett Pesce              Martin Marincin                                   30     1   2  2  
 3 Dmitri Orlov             Mirco Mueller                                     20     1   2  2  
 4 Ian Cole                 Patrick Wey                                       10     1   2  2  

PowerPlay Forward 
   Center                   Left Wing                Right Wing               Time % Phy DF OF 
 1 Devin Shore              Jimmy Vesey              Matt Halischuk           60     1   2  2  
 2 T.J. Tynan               Jujhar Khaira            Petr Straka              40     1   2  2  

PowerPlay Defense
   Defense                  Defense                                           Time % Phy DF OF 
 1 Ian Cole                 Patrick Wey                                       60     1   2  2  
 2 Dmitri Orlov             Brett Pesce                                       40     1   2  2  

Penalty Kill 4 Players Forward 
   Center                   Wing                     Time % Phy DF OF 
 1 Sergey Kalinin           Teemu Hartikainen        60     1   2  2  
 2 Matt Halischuk           Jujhar Khaira            40     1   2  2  

Penalty Kill 4 Players Defense
   Defense                  Defense                  Time % Phy DF OF 
 1 Patrick Wey              Ian Cole                 60     1   2  2  
 2 Mirco Mueller            Martin Marincin          40     1   2  2  

Penalty Kill - 3 Players Forward 
   Forward                                           Time % Phy DF OF 
 1 Brock Trotter                                     60     1   2  2  
 2 Quinton Howden                                    40     1   2  2  

Penalty Kill - 3 Players Defense
   Defense                  Defense                  Time % Phy DF OF 
 1 Martin Marincin          Ian Cole                 60     1   2  2  
 2 Patrick Wey              Mirco Mueller            40     1   2  2  

4 vs 4 Forward 
   Center                   Wing                     Time % Phy DF OF 
 1 Quinton Howden           Matt Halischuk           60     1   2  2  
 2 Sergey Kalinin           Jujhar Khaira            40     1   2  2  

4 vs 4 Defense
   Defense                  Defense                  Time % Phy DF OF 
 1 Ian Cole                 Martin Marincin          60     1   2  2  
 2 Patrick Wey              Brett Pesce              40     1   2  2  

Last Minutes Offensive
   Center                   Left Wing                Right Wing               Defense                  Defense                  
   Devin Shore              Jimmy Vesey              Matt Halischuk           Ian Cole                 Patrick Wey              

Last Minutes Defensive
   Center                   Left Wing                Right Wing               Defense                  Defense                  
   Sergey Kalinin           Jujhar Khaira            Matt Halischuk           Mirco Mueller            Martin Marincin          

Goaltenders
Starting : Joonas Korpisalo         
Backup : Corey Crawford           

Extra Forwards
Normal : T.J. Tynan, Devin Shore, Petr Straka - PP : Sergey Kalinin, Quinton Howden - PK : Petr Straka
Extra Defensemen
Normal : Martin Marincin, Brett Pesce, Ian Cole - PP : Mirco Mueller - PK : Brett Pesce, Dmitri Orlov
Penalty Shots
Devin Shore, Matt Halischuk, Petr Straka, Brock Trotter, Jimmy Vesey

Scratches
Nikita Nesterov (Healthy), Garret Ross (Healthy), Christoffer Ehn (Healthy), Dylan Sikura (Healthy), Alex Lintuniemi (Healthy)
Cal Petersen (Healthy)

Gangsters

5 vs 5 Forward 
   Center                   Left Wing                Right Wing               Time % Phy DF OF 
 1 Artem Anisimov           Dave Dziurzynski         Devante Smith-Pelly      40     1   2  2  
 2 Seth Griffith            David Pope               Richard Panik            30     1   2  2  
 3 Kevin Roy                Phillip Danault          Stefan Noesen            20     1   2  2  
 4 Adam Lowry               Samuel Blais             Sebastian Collberg       10     1   2  2  

5 vs 5 Defense 
   Defense                  Defense                                           Time % Phy DF OF 
 1 Matt Delahey             Morgan Ellis                                      40     1   2  2  
 2 Jonas Brodin             Derrick Pouliot                                   30     1   2  2  
 3 Ryan Culkin              Steven Santini                                    20     1   2  2  
 4 Matt Delahey             Morgan Ellis                                      10     1   2  2  

PowerPlay Forward 
   Center                   Left Wing                Right Wing               Time % Phy DF OF 
 1 Artem Anisimov           Dave Dziurzynski         Devante Smith-Pelly      60     1   2  2  
 2 Seth Griffith            David Pope               Richard Panik            40     1   2  2  

PowerPlay Defense
   Defense                  Defense                                           Time % Phy DF OF 
 1 Matt Delahey             Morgan Ellis                                      60     1   2  2  
 2 Jonas Brodin             Derrick Pouliot                                   40     1   2  2  

Penalty Kill 4 Players Forward 
   Center                   Wing                     Time % Phy DF OF 
 1 Devante Smith-Pelly      Richard Panik            60     1   2  2  
 2 Artem Anisimov           Dave Dziurzynski         40     1   2  2  

Penalty Kill 4 Players Defense
   Defense                  Defense                  Time % Phy DF OF 
 1 Matt Delahey             Morgan Ellis             60     1   2  2  
 2 Jonas Brodin             Derrick Pouliot          40     1   2  2  

Penalty Kill - 3 Players Forward 
   Forward                                           Time % Phy DF OF 
 1 Devante Smith-Pelly                               60     1   2  2  
 2 Richard Panik                                     40     1   2  2  

Penalty Kill - 3 Players Defense
   Defense                  Defense                  Time % Phy DF OF 
 1 Matt Delahey             Morgan Ellis             60     1   2  2  
 2 Jonas Brodin             Derrick Pouliot          40     1   2  2  

4 vs 4 Forward 
   Center                   Wing                     Time % Phy DF OF 
 1 Devante Smith-Pelly      Richard Panik            60     1   2  2  
 2 Artem Anisimov           Dave Dziurzynski         40     1   2  2  

4 vs 4 Defense
   Defense                  Defense                  Time % Phy DF OF 
 1 Matt Delahey             Morgan Ellis             60     1   2  2  
 2 Jonas Brodin             Derrick Pouliot          40     1   2  2  

Last Minutes Offensive
   Center                   Left Wing                Right Wing               Defense                  Defense                  
   Artem Anisimov           Dave Dziurzynski         Devante Smith-Pelly      Matt Delahey             Morgan Ellis             

Last Minutes Defensive
   Center                   Left Wing                Right Wing               Defense                  Defense                  
   Artem Anisimov           Dave Dziurzynski         Devante Smith-Pelly      Matt Delahey             Morgan Ellis             

Goaltenders
Starting : Jordan Binnington        
Backup : Dustin Tokarski          

Extra Forwards
Normal : Stefan Noesen, Kevin Roy, Phillip Danault - PP : Stefan Noesen, Kevin Roy - PK : Phillip Danault
Extra Defensemen
Normal : Ryan Culkin, Steven Santini, Jonas Brodin - PP : Ryan Culkin - PK : Steven Santini, Jonas Brodin
Penalty Shots
Devante Smith-Pelly, Richard Panik, Artem Anisimov, Dave Dziurzynski, Stefan Noesen

Scratches
Brett Ponich (Healthy), Jordan Subban (Healthy), Joshua Jacobs (Healthy), Jacob Middleton (Healthy), Julius Vahatalo (Healthy)
Connor Chatam (Healthy), Jake Marchment (Healthy), Hugo Fagerblom (Healthy)

% Time on Ice - Sasquatch

Lines # - Real PCT - Wanted PCT - Time Play
Normal Forward
1 - 35% - 40% - 15:19
2 - 28% - 30% - 12:15
3 - 21% - 20% - 9:19
4 - 16% - 10% - 6:57
Normal Defense
1 - 41% - 40% - 17:48
2 - 33% - 30% - 14:20
3 - 22% - 20% - 9:42
4 - 5% - 10% - 2:00
PP Forward
1 - 57% - 60% - 1:52
2 - 43% - 40% - 1:26
PP Defense
1 - 74% - 60% - 2:27
2 - 26% - 40% - 0:51
PK Forward
1 - 74% - 60% - 7:30
2 - 26% - 40% - 2:37
PK Defense
1 - 61% - 60% - 6:13
2 - 39% - 40% - 3:54
PK3 Forward
1 - 74% - 60% - 0:37
2 - 26% - 40% - 0:13
PK3 Defense
1 - 66% - 60% - 0:33
2 - 34% - 40% - 0:17
44 Forward
1 - 80% - 60% - 1:17
2 - 20% - 40% - 0:19
44 Defense
1 - 55% - 60% - 0:53
2 - 45% - 40% - 0:43
Last Minute Offensive  - 0:19
Last Minute Defensive  - 0:00
Total
Forward - 60:00
Defense - 60:00

% Time on Ice - Gangsters

Lines # - Real PCT - Wanted PCT - Time Play
Normal Forward
1 - 31% - 40% - 13:37
2 - 26% - 30% - 11:34
3 - 25% - 20% - 10:48
4 - 18% - 10% - 7:50
Normal Defense
1 - 37% - 40% - 16:06
2 - 36% - 30% - 15:34
3 - 25% - 20% - 11:03
4 - 3% - 10% - 1:06
PP Forward
1 - 58% - 60% - 6:23
2 - 42% - 40% - 4:34
PP Defense
1 - 60% - 60% - 6:36
2 - 40% - 40% - 4:21
PK Forward
1 - 89% - 60% - 2:57
2 - 11% - 40% - 0:21
PK Defense
1 - 78% - 60% - 2:34
2 - 22% - 40% - 0:44
PK3 Forward
1 - 0% - 60%
2 - 0% - 40%
PK3 Defense
1 - 0% - 60%
2 - 0% - 40%
44 Forward
1 - 100% - 60% - 1:36
2 - 0% - 40% - 0:00
44 Defense
1 - 49% - 60% - 0:47
2 - 51% - 40% - 0:49
Last Minute Offensive  - 0:00
Last Minute Defensive  - 0:20
Total
Forward - 60:00
Defense - 60:00

Play-by-Play

1st period


0:01 of 1st period - Devin Shore wins face-off versus Artem Anisimov in neutral zone.
0:14 of 1st period - Wrist shot by Jimmy Vesey.
0:14 of 1st period - Stopped by Jordan Binnington without a rebound.
0:15 of 1st period - Seth Griffith wins face-off versus Sergey Kalinin in Gangsters zone.
0:49 of 1st period - Slapshot by Brock Trotter.
0:49 of 1st period - Stopped by Jordan Binnington with a rebound.
0:59 of 1st period - Snap shot by Seth Griffith.
0:59 of 1st period - Shot Misses the Net.
1:25 of 1st period - Slapshot by Devante Smith-Pelly.
1:25 of 1st period - Shot Misses the Net.
1:41 of 1st period - Matt Delahey is hit by Sergey Kalinin and loses puck.
2:08 of 1st period - Wrist shot by T.J. Tynan.
2:08 of 1st period - Stopped by Jordan Binnington with a rebound.
2:24 of 1st period - Wrist shot by Artem Anisimov.
2:24 of 1st period - Stopped by Joonas Korpisalo with a rebound.
2:26 of 1st period - Wrist shot by Devante Smith-Pelly.
2:26 of 1st period - Shot Misses the Net.
2:28 of 1st period - Wrist shot by Devante Smith-Pelly.
2:28 of 1st period - Stopped by Joonas Korpisalo without a rebound.
2:29 of 1st period - Devin Shore wins face-off versus Kevin Roy in Sasquatch zone.
2:29 of 1st period - Devin Shore is hit by Matt Delahey.
2:55 of 1st period - Martin Marincin is hit by Adam Lowry and loses puck.
3:04 of 1st period - Wrist shot by Samuel Blais.
3:04 of 1st period - Stopped by Joonas Korpisalo without a rebound.
3:05 of 1st period - Sergey Kalinin wins face-off versus Artem Anisimov in Sasquatch zone.
3:07 of 1st period - Minor Penalty to Jujhar Khaira for Holding.
3:08 of 1st period - Sergey Kalinin wins face-off versus Artem Anisimov in Sasquatch zone.
5:07 of 1st period - Penalty to Jujhar Khaira is over, Jujhar Khaira is back on ice.
5:43 of 1st period - Jujhar Khaira is hit by Matt Delahey and loses puck.
6:08 of 1st period - Matt Halischuk is hit by Seth Griffith and loses puck.
6:38 of 1st period - Derrick Pouliot is hit by Teemu Hartikainen and loses puck.
6:51 of 1st period - Patrick Wey is hit by Stefan Noesen.
7:03 of 1st period - Jonas Brodin is hit by Patrick Wey and loses puck.
7:46 of 1st period - Sergey Kalinin is hit by Seth Griffith and loses puck.
8:01 of 1st period - Slapshot by Teemu Hartikainen.
8:01 of 1st period - Shot Misses the Net.
8:20 of 1st period - Artem Anisimov is hit by Brett Pesce and loses puck.
10:23 of 1st period - Icing by Ian Cole.
10:24 of 1st period - Adam Lowry wins face-off versus Teemu Hartikainen in Sasquatch zone.
11:03 of 1st period - Patrick Wey is hit by David Pope and loses puck.
11:36 of 1st period - Brett Pesce is hit by Stefan Noesen and loses puck.
11:49 of 1st period - Snap shot by Quinton Howden.
11:49 of 1st period - Stopped by Jordan Binnington without a rebound.
11:50 of 1st period - Quinton Howden wins face-off versus Artem Anisimov in Gangsters zone.
11:51 of 1st period - Slapshot by Teemu Hartikainen.
11:51 of 1st period - Stopped by Jordan Binnington with a rebound.
11:53 of 1st period - Slapshot by Quinton Howden.
11:53 of 1st period - Stopped by Jordan Binnington without a rebound.
11:54 of 1st period - Artem Anisimov wins face-off versus Devin Shore in Gangsters zone.
12:05 of 1st period - Wrist shot by Artem Anisimov.
12:05 of 1st period - Shot Misses the Net.
12:19 of 1st period - Petr Straka is hit by Matt Delahey and loses puck.
13:41 of 1st period - Wrist shot by Richard Panik.
13:41 of 1st period - Stopped by Joonas Korpisalo with a rebound.
13:43 of 1st period - Slapshot by Richard Panik.
13:43 of 1st period - Stopped by Joonas Korpisalo without a rebound.
13:44 of 1st period - Artem Anisimov wins face-off versus Devin Shore in Sasquatch zone.
13:47 of 1st period - Snap shot by Artem Anisimov.
13:47 of 1st period - Stopped by Joonas Korpisalo with a rebound.
13:52 of 1st period - Minor Penalty to Matt Halischuk for High sticking.
13:53 of 1st period - Artem Anisimov wins face-off versus Sergey Kalinin in Sasquatch zone.
14:19 of 1st period - Ian Cole is hit by Richard Panik and loses puck.
14:48 of 1st period - Slapshot by Jujhar Khaira.
14:48 of 1st period - Shot Blocked by Jonas Brodin.
15:18 of 1st period - Ian Cole is hit by Matt Delahey and loses puck.
15:52 of 1st period - Penalty to Matt Halischuk is over, Matt Halischuk is back on ice.
16:16 of 1st period - Derrick Pouliot is hit by Brett Pesce and loses puck.
16:29 of 1st period - Slapshot by Stefan Noesen.
16:29 of 1st period - Shot Hit the Post.
16:31 of 1st period - Snap shot by Phillip Danault.
16:31 of 1st period - Stopped by Joonas Korpisalo without a rebound.
16:32 of 1st period - Quinton Howden wins face-off versus Adam Lowry in Sasquatch zone.
17:17 of 1st period - Dave Dziurzynski is hit by Brock Trotter.
17:21 of 1st period - Artem Anisimov is hit by Brock Trotter.
17:35 of 1st period - Matt Delahey is hit by Devin Shore and loses puck.
17:45 of 1st period - Off-side.
17:46 of 1st period - Quinton Howden wins face-off versus Adam Lowry in neutral zone.
17:57 of 1st period - Snap shot by Teemu Hartikainen.
17:57 of 1st period - Shot Blocked by Jonas Brodin.
18:26 of 1st period - Teemu Hartikainen is hit by Seth Griffith.
18:34 of 1st period - Hudson Fasching is hit by Matt Delahey and loses puck.
18:53 of 1st period - Slapshot by Teemu Hartikainen.
18:53 of 1st period - Stopped by Jordan Binnington with a rebound.
Goals for this period are 0 for Sasquatch vs 0 for Gangsters.
Shots for this period are 7 for Sasquatch vs 7 for Gangsters.

2nd period


0:01 of 2nd period - Artem Anisimov wins face-off versus Devin Shore in neutral zone.
0:04 of 2nd period - Wrist shot by Devante Smith-Pelly.
0:04 of 2nd period - Stopped by Joonas Korpisalo with a rebound.
0:34 of 2nd period - Snap shot by Kevin Roy.
0:34 of 2nd period - Deflect By Matt Halischuk.
0:34 of 2nd period - Stopped by Joonas Korpisalo with a rebound.
1:10 of 2nd period - Patrick Wey is hit by Matt Delahey.
1:36 of 2nd period - Matt Delahey is hit by Devin Shore.
1:39 of 2nd period - Off-side.
1:40 of 2nd period - Artem Anisimov wins face-off versus Petr Straka in neutral zone.
1:43 of 2nd period - Petr Straka is hit by Artem Anisimov.
2:26 of 2nd period - Snap shot by Hudson Fasching.
2:26 of 2nd period - Stopped by Jordan Binnington without a rebound.
2:27 of 2nd period - T.J. Tynan wins face-off versus Adam Lowry in Gangsters zone.
2:38 of 2nd period - Slapshot by Martin Frk.
2:38 of 2nd period - Stopped by Jordan Binnington without a rebound.
2:39 of 2nd period - Artem Anisimov wins face-off versus Sergey Kalinin in Gangsters zone.
2:50 of 2nd period - Wrist shot by Devante Smith-Pelly.
2:50 of 2nd period - Stopped by Joonas Korpisalo with a rebound.
2:52 of 2nd period - Snap shot by Dave Dziurzynski.
2:52 of 2nd period - Shot Misses the Net.
2:54 of 2nd period - Snap shot by Devante Smith-Pelly.
2:54 of 2nd period - Shot Misses the Net.
3:46 of 2nd period - Devante Smith-Pelly is hit by Patrick Wey and loses puck.
4:09 of 2nd period - Slapshot by Jonas Brodin.
4:09 of 2nd period - Shot Hit the Post.
4:44 of 2nd period - Off-side.
4:45 of 2nd period - Artem Anisimov wins face-off versus Sergey Kalinin in neutral zone.
5:10 of 2nd period - Richard Panik is hit by Hudson Fasching and loses puck.
5:57 of 2nd period - Slapshot by Artem Anisimov.
5:57 of 2nd period - Shot Blocked by Dmitri Orlov.
6:27 of 2nd period - Brett Pesce is hit by Samuel Blais.
7:17 of 2nd period - Snap shot by Artem Anisimov.
7:17 of 2nd period - Shot Misses the Net.
7:19 of 2nd period - Snap shot by Artem Anisimov.
7:19 of 2nd period - Stopped by Joonas Korpisalo with a rebound.
8:02 of 2nd period - Snap shot by Seth Griffith.
8:02 of 2nd period - Shot Misses the Net.
8:04 of 2nd period - Snap shot by Jonas Brodin.
8:04 of 2nd period - Shot Misses the Net.
8:06 of 2nd period - Slapshot by David Pope.
8:06 of 2nd period - Goal by David Pope - Sasquatch : 0 - Gangsters : 1.
8:07 of 2nd period - Artem Anisimov wins face-off versus Devin Shore in neutral zone.
8:32 of 2nd period - David Pope is hit by Petr Straka and loses puck.
9:12 of 2nd period - Slapshot by Richard Panik.
9:12 of 2nd period - Stopped by Joonas Korpisalo without a rebound.
9:13 of 2nd period - Artem Anisimov wins face-off versus Quinton Howden in Sasquatch zone.
9:16 of 2nd period - Snap shot by Artem Anisimov.
9:16 of 2nd period - Stopped by Joonas Korpisalo with a rebound.
9:18 of 2nd period - Slapshot by Derrick Pouliot.
9:18 of 2nd period - Shot Blocked by Quinton Howden.
9:20 of 2nd period - Slapshot by Derrick Pouliot.
9:20 of 2nd period - Stopped by Joonas Korpisalo with a rebound.
9:26 of 2nd period - Slapshot by Devante Smith-Pelly.
9:26 of 2nd period - Stopped by Joonas Korpisalo without a rebound.
9:27 of 2nd period - Artem Anisimov wins face-off versus Matt Halischuk in Sasquatch zone.
9:32 of 2nd period - Wrist shot by Devante Smith-Pelly.
9:32 of 2nd period - Stopped by Joonas Korpisalo with a rebound.
10:08 of 2nd period - Snap shot by Kevin Roy.
10:08 of 2nd period - Shot Misses the Net.
10:16 of 2nd period - Kevin Roy is hit by Jujhar Khaira and loses puck.
10:43 of 2nd period - Snap shot by Stefan Noesen.
10:43 of 2nd period - Shot Blocked by Patrick Wey.
10:55 of 2nd period - Slapshot by Jujhar Khaira.
10:55 of 2nd period - Shot Blocked by Steven Santini.
11:04 of 2nd period - Off-side.
11:05 of 2nd period - Artem Anisimov wins face-off versus Devin Shore in neutral zone.
11:13 of 2nd period - Minor Penalty to Jimmy Vesey for Hooking.
11:14 of 2nd period - Artem Anisimov wins face-off versus Sergey Kalinin in Sasquatch zone.
13:13 of 2nd period - Penalty to Jimmy Vesey is over, Jimmy Vesey is back on ice.
13:38 of 2nd period - Wrist shot by Sebastian Collberg.
13:38 of 2nd period - Stopped by Joonas Korpisalo with a rebound.
13:54 of 2nd period - Icing by Brett Pesce.
13:55 of 2nd period - T.J. Tynan wins face-off versus Kevin Roy in Sasquatch zone.
14:00 of 2nd period - Brock Trotter is hit by Phillip Danault and loses puck.
14:53 of 2nd period - Snap shot by Quinton Howden.
14:53 of 2nd period - Shot Misses the Net.
14:55 of 2nd period - Wrist shot by Quinton Howden.
14:55 of 2nd period - Stopped by Jordan Binnington with a rebound.
14:57 of 2nd period - Wrist shot by Teemu Hartikainen.
14:57 of 2nd period - Stopped by Jordan Binnington without a rebound.
14:58 of 2nd period - Quinton Howden wins face-off versus Dave Dziurzynski in Gangsters zone.
15:49 of 2nd period - Snap shot by Sebastian Collberg.
15:49 of 2nd period - Shot Misses the Net.
15:57 of 2nd period - Snap shot by Quinton Howden.
15:57 of 2nd period - Stopped by Jordan Binnington with a rebound.
15:59 of 2nd period - Snap shot by Ian Cole.
15:59 of 2nd period - Stopped by Jordan Binnington without a rebound.
16:00 of 2nd period - Jimmy Vesey wins face-off versus Artem Anisimov in Gangsters zone.
16:03 of 2nd period - Snap shot by Jimmy Vesey.
16:03 of 2nd period - Stopped by Jordan Binnington with a rebound.
16:48 of 2nd period - Slapshot by Stefan Noesen.
16:48 of 2nd period - Shot Blocked by Martin Frk.
16:50 of 2nd period - Snap shot by Stefan Noesen.
16:50 of 2nd period - Stopped by Joonas Korpisalo without a rebound.
16:51 of 2nd period - Artem Anisimov wins face-off versus T.J. Tynan in Sasquatch zone.
17:02 of 2nd period - Snap shot by Artem Anisimov.
17:02 of 2nd period - Stopped by Joonas Korpisalo with a rebound.
17:35 of 2nd period - Snap shot by Sebastian Collberg.
17:35 of 2nd period - Shot Misses the Net.
17:37 of 2nd period - Slapshot by Matt Delahey.
17:37 of 2nd period - Shot Misses the Net.
17:39 of 2nd period - Slapshot by Samuel Blais.
17:39 of 2nd period - Stopped by Joonas Korpisalo with a rebound.
18:03 of 2nd period - Jujhar Khaira is hit by Derrick Pouliot and loses puck.
18:18 of 2nd period - Snap shot by Petr Straka.
18:18 of 2nd period - Stopped by Jordan Binnington without a rebound.
18:19 of 2nd period - Devin Shore wins face-off versus Artem Anisimov in Gangsters zone.
18:32 of 2nd period - Wrist shot by Devin Shore.
18:32 of 2nd period - Goal by Devin Shore - Sasquatch : 1 - Gangsters : 1.
18:33 of 2nd period - Devin Shore wins face-off versus Artem Anisimov in neutral zone.
19:04 of 2nd period - Wrist shot by Jujhar Khaira.
19:04 of 2nd period - Goal by Jujhar Khaira - Sasquatch : 2 - Gangsters : 1.
19:05 of 2nd period - Artem Anisimov wins face-off versus Devin Shore in neutral zone.
19:07 of 2nd period - Devante Smith-Pelly is hit by Devin Shore.
19:13 of 2nd period - Wrist shot by Dave Dziurzynski.
19:13 of 2nd period - Stopped by Joonas Korpisalo with a rebound.
19:15 of 2nd period - Wrist shot by Morgan Ellis.
19:15 of 2nd period - Shot Misses the Net.
19:17 of 2nd period - Slapshot by Morgan Ellis.
19:17 of 2nd period - Shot Misses the Net.
19:19 of 2nd period - Snap shot by Dave Dziurzynski.
19:19 of 2nd period - Shot Misses the Net.
19:21 of 2nd period - Wrist shot by Devante Smith-Pelly.
19:21 of 2nd period - Stopped by Joonas Korpisalo without a rebound.
19:22 of 2nd period - Sergey Kalinin wins face-off versus Seth Griffith in Sasquatch zone.
19:55 of 2nd period - Wrist shot by Devante Smith-Pelly.
19:55 of 2nd period - Shot Misses the Net.
Goals for this period are 2 for Sasquatch vs 1 for Gangsters.
Shots for this period are 10 for Sasquatch vs 16 for Gangsters.

3rd period


0:01 of 3rd period - Devin Shore wins face-off versus Artem Anisimov in neutral zone.
0:03 of 3rd period - Minor Penalty to Jimmy Vesey for Tripping.
0:04 of 3rd period - Sergey Kalinin wins face-off versus Artem Anisimov in Sasquatch zone.
0:04 of 3rd period - Sergey Kalinin is hit by Artem Anisimov.
0:26 of 3rd period - Minor Penalty to Devante Smith-Pelly for Roughing.
0:27 of 3rd period - Quinton Howden wins face-off versus Stefan Noesen in Gangsters zone.
1:22 of 3rd period - Jujhar Khaira is hit by Derrick Pouliot and loses puck.
2:03 of 3rd period - Penalty to Jimmy Vesey is over, Jimmy Vesey is back on ice.
2:07 of 3rd period - Snap shot by David Pope.
2:07 of 3rd period - Stopped by Joonas Korpisalo with a rebound.
2:14 of 3rd period - Icing by Martin Marincin.
2:15 of 3rd period - Seth Griffith wins face-off versus Devin Shore in Sasquatch zone.
2:16 of 3rd period - Snap shot by Richard Panik.
2:16 of 3rd period - Stopped by Joonas Korpisalo with a rebound.
2:26 of 3rd period - Penalty to Devante Smith-Pelly is over, Devante Smith-Pelly is back on ice.
2:44 of 3rd period - Snap shot by Matt Delahey.
2:44 of 3rd period - Stopped by Joonas Korpisalo without a rebound.
2:45 of 3rd period - Adam Lowry wins face-off versus Quinton Howden in Sasquatch zone.
2:46 of 3rd period - Backhand shot by Jonas Brodin.
2:46 of 3rd period - Shot Misses the Net.
2:53 of 3rd period - Off-side.
2:54 of 3rd period - Artem Anisimov wins face-off versus Devin Shore in neutral zone.
3:19 of 3rd period - Richard Panik is hit by Sergey Kalinin and loses puck.
3:46 of 3rd period - Snap shot by Quinton Howden.
3:46 of 3rd period - Stopped by Jordan Binnington without a rebound.
3:47 of 3rd period - Artem Anisimov wins face-off versus Devin Shore in Gangsters zone.
4:22 of 3rd period - Minor Penalty to David Pope for Cross-checking.
4:23 of 3rd period - Devante Smith-Pelly wins face-off versus Devin Shore in Gangsters zone.
4:36 of 3rd period - Slapshot by Jimmy Vesey.
4:36 of 3rd period - Stopped by Jordan Binnington without a rebound.
4:37 of 3rd period - Devante Smith-Pelly wins face-off versus Devin Shore in Gangsters zone.
5:14 of 3rd period - Snap shot by T.J. Tynan.
5:14 of 3rd period - Stopped by Jordan Binnington without a rebound.
5:15 of 3rd period - T.J. Tynan wins face-off versus Devante Smith-Pelly in Gangsters zone.
5:28 of 3rd period - Snap shot by Jujhar Khaira.
5:28 of 3rd period - Shot Misses the Net.
5:30 of 3rd period - Slapshot by Ian Cole.
5:30 of 3rd period - Deflect By Richard Panik.
5:30 of 3rd period - Stopped by Jordan Binnington with a rebound.
6:22 of 3rd period - Penalty to David Pope is over, David Pope is back on ice.
7:25 of 3rd period - Adam Lowry is hit by Teemu Hartikainen and loses puck.
8:02 of 3rd period - Wrist shot by Matt Halischuk.
8:02 of 3rd period - Shot Blocked by Jonas Brodin.
8:04 of 3rd period - Slapshot by Dmitri Orlov.
8:04 of 3rd period - Shot Misses the Net.
8:28 of 3rd period - Minor Penalty to Jujhar Khaira for Hooking.
8:29 of 3rd period - Artem Anisimov wins face-off versus Sergey Kalinin in Sasquatch zone.
8:38 of 3rd period - Wrist shot by Devante Smith-Pelly.
8:38 of 3rd period - Shot Misses the Net.
8:40 of 3rd period - Slapshot by Morgan Ellis.
8:40 of 3rd period - Stopped by Joonas Korpisalo with a rebound.
8:42 of 3rd period - Slapshot by Devante Smith-Pelly.
8:42 of 3rd period - Shot Blocked by Ian Cole.
8:44 of 3rd period - Wrist shot by Artem Anisimov.
8:44 of 3rd period - Goal by Artem Anisimov - Sasquatch : 2 - Gangsters : 2.
8:45 of 3rd period - Devin Shore wins face-off versus Artem Anisimov in neutral zone.
8:47 of 3rd period - Patrick Wey is hit by Matt Delahey and loses puck.
8:50 of 3rd period - Wrist shot by Patrick Wey.
8:50 of 3rd period - Stopped by Jordan Binnington with a rebound.
8:52 of 3rd period - Slapshot by Devin Shore.
8:52 of 3rd period - Shot Blocked by Morgan Ellis.
8:54 of 3rd period - Slapshot by Patrick Wey.
8:54 of 3rd period - Shot Blocked by Matt Delahey.
8:56 of 3rd period - Slapshot by Ian Cole.
8:56 of 3rd period - Stopped by Jordan Binnington with a rebound.
8:58 of 3rd period - Snap shot by Jimmy Vesey.
8:58 of 3rd period - Shot Misses the Net.
9:00 of 3rd period - Snap shot by Jimmy Vesey.
9:00 of 3rd period - Stopped by Jordan Binnington with a rebound.
9:15 of 3rd period - Seth Griffith is hit by Jujhar Khaira and loses puck.
9:20 of 3rd period - Wrist shot by Sergey Kalinin.
9:20 of 3rd period - Shot Misses the Net.
9:34 of 3rd period - Brett Pesce is hit by Derrick Pouliot and loses puck.
9:57 of 3rd period - Slapshot by Martin Frk.
9:57 of 3rd period - Shot Blocked by Adam Lowry.
10:03 of 3rd period - Dmitri Orlov is hit by Samuel Blais and loses puck.
10:21 of 3rd period - Slapshot by Jimmy Vesey.
10:21 of 3rd period - Stopped by Jordan Binnington without a rebound.
10:22 of 3rd period - Devin Shore wins face-off versus Artem Anisimov in Gangsters zone.
10:44 of 3rd period - Minor Penalty to Matt Halischuk for High sticking.
10:45 of 3rd period - Artem Anisimov wins face-off versus Sergey Kalinin in Sasquatch zone.
10:46 of 3rd period - Wrist shot by Devante Smith-Pelly.
10:46 of 3rd period - Deflect By Dave Dziurzynski.
10:46 of 3rd period - Stopped by Joonas Korpisalo without a rebound.
10:47 of 3rd period - Artem Anisimov wins face-off versus Sergey Kalinin in Sasquatch zone.
11:12 of 3rd period - Sergey Kalinin is hit by Morgan Ellis and loses puck.
12:11 of 3rd period - Ian Cole is hit by Morgan Ellis and loses puck.
12:44 of 3rd period - Penalty to Matt Halischuk is over, Matt Halischuk is back on ice.
12:50 of 3rd period - Wrist shot by Devin Shore.
12:50 of 3rd period - Shot Blocked by Jonas Brodin.
13:12 of 3rd period - Snap shot by Jimmy Vesey.
13:12 of 3rd period - Stopped by Jordan Binnington without a rebound.
13:13 of 3rd period - Adam Lowry wins face-off versus Devin Shore in Gangsters zone.
13:32 of 3rd period - Snap shot by Samuel Blais.
13:32 of 3rd period - Stopped by Joonas Korpisalo without a rebound.
13:33 of 3rd period - Artem Anisimov wins face-off versus Sergey Kalinin in Sasquatch zone.
13:34 of 3rd period - Snap shot by Devante Smith-Pelly.
13:34 of 3rd period - Stopped by Joonas Korpisalo with a rebound.
14:02 of 3rd period - Snap shot by Jimmy Vesey.
14:02 of 3rd period - Deflect By Devin Shore.
14:02 of 3rd period - Shot Blocked by Seth Griffith.
14:02 of 3rd period - Puck is out of play.
14:03 of 3rd period - Seth Griffith wins face-off versus Devin Shore in Gangsters zone.
14:28 of 3rd period - Wrist shot by Sergey Kalinin.
14:28 of 3rd period - Shot Misses the Net.
14:34 of 3rd period - Snap shot by Derrick Pouliot.
14:34 of 3rd period - Deflect By Mirco Mueller.
14:34 of 3rd period - Stopped by Joonas Korpisalo with a rebound.
14:36 of 3rd period - Wrist shot by David Pope.
14:36 of 3rd period - Stopped by Joonas Korpisalo with a rebound.
14:38 of 3rd period - Slapshot by Derrick Pouliot.
14:38 of 3rd period - Shot Blocked by Jujhar Khaira.
14:40 of 3rd period - Slapshot by Jonas Brodin.
14:40 of 3rd period - Stopped by Joonas Korpisalo with a rebound.
14:42 of 3rd period - Slapshot by Richard Panik.
14:42 of 3rd period - Goal by Richard Panik - Sasquatch : 2 - Gangsters : 3.
14:43 of 3rd period - Artem Anisimov wins face-off versus Devin Shore in neutral zone.
14:46 of 3rd period - Wrist shot by Devante Smith-Pelly.
14:46 of 3rd period - Deflect By Dave Dziurzynski.
14:46 of 3rd period - Stopped by Joonas Korpisalo with a rebound.
14:48 of 3rd period - Snap shot by Devante Smith-Pelly.
14:48 of 3rd period - Shot Misses the Net.
14:50 of 3rd period - Slapshot by Devante Smith-Pelly.
14:50 of 3rd period - Shot Misses the Net.
14:52 of 3rd period - Snap shot by Devante Smith-Pelly.
14:52 of 3rd period - Stopped by Joonas Korpisalo without a rebound.
14:53 of 3rd period - Dave Dziurzynski wins face-off versus Devin Shore in Sasquatch zone.
15:00 of 3rd period - Wrist shot by Dave Dziurzynski.
15:00 of 3rd period - Shot Misses the Net.
15:02 of 3rd period - Slapshot by Morgan Ellis.
15:02 of 3rd period - Shot Blocked by Ian Cole.
15:27 of 3rd period - Minor Penalty to Dave Dziurzynski for Holding.
15:28 of 3rd period - T.J. Tynan wins face-off versus Devante Smith-Pelly in Gangsters zone.
15:30 of 3rd period - Backhand shot by Petr Straka.
15:30 of 3rd period - Stopped by Jordan Binnington with a rebound.
15:32 of 3rd period - Slapshot by Ian Cole.
15:32 of 3rd period - Stopped by Jordan Binnington without a rebound.
15:33 of 3rd period - T.J. Tynan wins face-off versus Devante Smith-Pelly in Gangsters zone.
15:38 of 3rd period - Wrist shot by T.J. Tynan.
15:38 of 3rd period - Shot Blocked by Morgan Ellis.
15:40 of 3rd period - Snap shot by Jujhar Khaira.
15:40 of 3rd period - Shot Blocked by Morgan Ellis.
15:42 of 3rd period - Snap shot by T.J. Tynan.
15:42 of 3rd period - Shot Misses the Net.
15:44 of 3rd period - Slapshot by Jujhar Khaira.
15:44 of 3rd period - Stopped by Jordan Binnington with a rebound.
15:46 of 3rd period - Slapshot by Patrick Wey.
15:46 of 3rd period - Shot Blocked by Morgan Ellis.
15:48 of 3rd period - Slapshot by Ian Cole.
15:48 of 3rd period - Stopped by Jordan Binnington without a rebound.
15:49 of 3rd period - Devin Shore wins face-off versus Devante Smith-Pelly in Gangsters zone.
15:59 of 3rd period - Morgan Ellis is hit by Devin Shore and loses puck.
16:16 of 3rd period - Richard Panik is hit by Jujhar Khaira and loses puck.
16:23 of 3rd period - Snap shot by Petr Straka.
16:23 of 3rd period - Goal by Petr Straka - Sasquatch : 3 - Gangsters : 3.
16:24 of 3rd period - Quinton Howden wins face-off versus Kevin Roy in neutral zone.
17:13 of 3rd period - Minor Penalty to Ian Cole for Holding Stick.
17:14 of 3rd period - Artem Anisimov wins face-off versus Sergey Kalinin in Sasquatch zone.
17:30 of 3rd period - Snap shot by Dave Dziurzynski.
17:30 of 3rd period - Stopped by Joonas Korpisalo with a rebound.
17:36 of 3rd period - Minor Penalty to Sergey Kalinin for Hooking.
17:37 of 3rd period - Brock Trotter wins face-off versus Artem Anisimov in Sasquatch zone.
17:50 of 3rd period - Snap shot by Dave Dziurzynski.
17:50 of 3rd period - Stopped by Joonas Korpisalo with a rebound.
18:16 of 3rd period - Slapshot by Matt Delahey.
18:16 of 3rd period - Stopped by Joonas Korpisalo with a rebound.
18:18 of 3rd period - Slapshot by Morgan Ellis.
18:18 of 3rd period - Deflect By Richard Panik.
18:18 of 3rd period - Shot Misses the Net.
18:18 of 3rd period - Puck is out of play.
18:19 of 3rd period - Quinton Howden wins face-off versus Seth Griffith in Sasquatch zone.
18:26 of 3rd period - Wrist shot by Richard Panik.
18:26 of 3rd period - Goal by Richard Panik - Sasquatch : 3 - Gangsters : 4.
18:27 of 3rd period - Artem Anisimov wins face-off versus Petr Straka in neutral zone.
19:23 of 3rd period - Dave Dziurzynski is hit by Brock Trotter and loses puck.
19:36 of 3rd period - Penalty to Sergey Kalinin is over, Sergey Kalinin is back on ice.
19:46 of 3rd period - Sasquatch, Joonas Korpisalo is pulled from the net.
19:54 of 3rd period - Dave Dziurzynski is hit by Matt Halischuk and loses puck.
Goals for this period are 1 for Sasquatch vs 3 for Gangsters.
Shots for this period are 14 for Sasquatch vs 18 for Gangsters.